 Dungeon Sprint DCSS version 0.29-a0-468-ge57f7f99b4 (webtiles) character file.

Game seed: 1837098799538795576

723 mhtbhm the Cleaver (level 7, -1/72 HPs)
             Began as a Green Draconian Berserker on May 21, 2022.
             Was a High Priest of Trog.
             Slain by a molten gargoyle
             ... wielding a +0 flail
              (9 damage)
             ... in the Dungeon (Sprint VII: "The Pits").
             The game lasted 00:01:18 (790 turns).

mhtbhm the Cleaver (Green Draconian Berserker)       Turns: 790, Time: 00:01:19

Health: -1/72      AC:  6    Str: 21    XL:     7   Next: 43%
Magic:  7/7        EV: 15    Int:  7    God:    Trog [*****.]
Gold:   0          SH:  0    Dex: 11    Spells: 6/6 levels left

rFire   . . .      SeeInvis .   a - +3 battleaxe (flame)
rCold   . . .      Faith    .   (shield currently unavailable)
rNeg    . . .      Spirit   .   (body armour unavailable)
rPois   +          Reflect  .   (helmet restricted)
rElec   .          Harm     .   (no cloak)
rCorr   .          Rampage  .   (no gloves)
Will    .....      NoTele   +   (no boots)
Stlth   +.........              (no amulet)
HPRegen 0.22/turn               (no ring)
MPRegen 0.10/turn               (no ring)

@: on berserk cooldown, slowed, very slow
A: breathe noxious fumes, AC +6, unfitting armour, poison resistance,
cold-blooded
a: Breathe Noxious Fumes, Renounce Religion, Berserk, Trog's Hand, Brothers in
Arms


You were in the Dungeon.
You worshipped Trog.
Trog was extremely pleased with you.
You visited 1 branch

Inventory:

Hand Weapons
 a - a +3 battleaxe of flaming (weapon)
Scrolls
 g - a scroll of blinking
 i - a scroll of summoning
Potions
 b - 4 potions of curing
 c - 4 potions of heal wounds
 d - a potion of haste
 e - 4 potions of magic
 f - 3 potions of berserk rage
 h - 2 potions of invisibility


   Skills:
 + Level 10.2 Fighting
 + Level 11.3 Axes
 + Level 8.3 Dodging
 + Level 0.9 Stealth


You had 6 spell levels left.
You didn't know any spells.
Your spell library was empty.

Dungeon Overview and Level Annotations

Branches:
Dungeon (1/1)

Altars:


Innate Abilities, Weirdness & Mutations

You can breathe blasts of noxious fumes.
Your lurid green scales are hard. (AC +6)
You cannot fit into any form of body armour.
Your system is resistant to poisons. (rPois)
You are cold-blooded and may be slowed by cold attacks.


Message History

The elephant trumpets!
The molten gargoyle blasts magma at you!
The bolt of magma hits you.
Unknown command.
Unknown command.
The molten gargoyle blasts magma at you!
The bolt of magma misses you.
There is an open door here.
A red film seems to cover your vision as you go berserk!
You feel yourself moving faster!
You feel mighty! The scorpion closely misses you.
You slice the scorpion!! You burn the scorpion.
You kill the scorpion!
Trog accepts your kill.
You slash the elephant! You burn the elephant. The elephant tramples you!
You hold your ground!
The elephant barely misses you.
The molten gargoyle hits you with a +0 flail!
You are engulfed in flames!
You see here a scorpion corpse.
Unknown command.
You feel a strong urge to attack something.
The elephant tramples you!
You stumble backwards!
The molten gargoyle blasts magma at you!
The bolt of magma hits you!
Unknown command.
You feel your anger nearly subside.
You are no longer berserk.
You are exhausted.
You feel yourself slow down. The elephant tramples you.
You stumble backwards!
Unknown command.
You feel much better.
The molten gargoyle hits you with a +0 flail.
You are engulfed in flames!
The elephant barely misses you. The elephant trunk-slaps you.
The elephant tramples you!
* * * LOW HITPOINT WARNING * * *
You hold your ground!
The elephant misses you.
The molten gargoyle hits you with a +0 flail.
* * * LOW HITPOINT WARNING * * *
You are engulfed in flames!
You die...

#.#..#.)))[##.......#
#'###########.......#
#.))))..#..##########
#.###)..#)######
#.#.....#.#....#
#.#...#.#'#....#
#.....#.#)'†...+
#...###.#'#..Y.#
#.......')#..9@#
################


You could see an elephant and a molten gargoyle.

Vanquished Creatures
  A gargoyle (D)
  A water moccasin (D)
  A phantom (D)
  2 scorpions (D)
  An orc priest (D)
  2 orc wizards (D)
  4 gnolls (D)
  A river rat (D)
  An ufetubus (D)
  A worm (D)
  5 orcs (D)
  2 endoplasms (D)
  A giant cockroach (D)
  2 goblins (D)
  A hobgoblin (D)
  A quokka (D)
  A rat (D)
28 creatures vanquished.

Notes
Turn   | Place    | Note
-------+----------+-------------------------------------------
     0 | D        | mhtbhm the Draconian Berserker began the quest for the Orb.
     0 | D        | Reached XP level 1. HP: 19/19 MP: 1/1
    56 | D        | Reached ** piety under Trog
    73 | D        | Reached skill level 4 in Axes
    73 | D        | Reached XP level 2. HP: 23/28 MP: 2/2
   216 | D        | Reached *** piety under Trog
   283 | D        | Noticed a scorpion
   287 | D        | Killed a scorpion
   288 | D        | Reached skill level 5 in Axes
   288 | D        | Reached skill level 5 in Dodging
   288 | D        | Reached XP level 3. HP: 37/37 MP: 3/3
   288 | D        | Reached XP level 4. HP: 44/44 MP: 4/4
   290 | D        | Reached skill level 6 in Axes
   406 | D        | Noticed a water moccasin
   411 | D        | Noticed a phantom
   415 | D        | Reached **** piety under Trog
   420 | D        | Reached XP level 5. HP: 48/52 MP: 5/5
   426 | D        | Killed a water moccasin
   427 | D        | Reached skill level 8 in Axes
   427 | D        | Reached ***** piety under Trog
   427 | D        | Received a gift from Trog
   428 | D        | Reached XP level 6. HP: 29/62 MP: 6/6
   442 | D        | Reached skill level 9 in Axes
   651 | D        | Noticed a gargoyle
   653 | D        | Killed a gargoyle
   654 | D        | Reached skill level 10 in Fighting
   654 | D        | Reached skill level 11 in Axes
   654 | D        | Your scales start taking on a lurid green colour.
   654 | D        | Reached XP level 7. HP: 52/72 MP: 7/7
   654 | D        | Gained mutation: Your system is resistant to poisons.
                  | (rPois) [Green Draconian growth]
   782 | D        | Noticed an elephant
   782 | D        | Noticed a molten gargoyle
   790 | D        | Slain by a molten gargoyle

Illustrated notes

Levels and vault maps discovered:
D:        pitsprint [storerooms_1, entrance_room_1, metal_vault_6, armoury_3,
          mini_pit_1, grid_room_1, main_hall_1, silver_pit, the_coven_1,
          the_vestibule_1, steel_vault_2, golden_pit, hallway_of_sentries,
          crystal_vault_2, iron_vault_2, final_vault]

Skill      XL: |  1  2  3  4  5  6 |
---------------+-------------------+-----
Dodging        | 3 5 6 8 |  8.3
Fighting       | 4 6 7 8 10 | 10.2
Axes           | 4 5 6 8 11 | 11.3
Stealth        | |  0.9

Action                   |  1- 3 |  4- 6 |  7- 9 || total
-------------------------+-------+-------+-------++-------
Melee: Hand axe          |    19 |    29 |       ||    48
       Tailslap          |     4 |     1 |     3 ||     8
       Battleaxe         |       |     2 |    15 ||    17
Invok: Berserk           |     2 |     1 |     1 ||     4
  Use: Potion            |       |     3 |     1 ||     4
 Stab: Sleeping          |       |       |     1 ||     1
Armor: Skin              |     5 |     9 |     2 ||    16
Dodge: Dodged            |     8 |    23 |    15 ||    46

Table legend: (Time is in decaauts)
 A = Elapsed time spent in this place.
 B = Non-inter-level travel time spent in this place.
 C = Inter-level travel time spent in this place.
 D = Time resting spent in this place.
 E = Time spent auto-exploring this place.
 F = Levels seen in this place.
 G = Mean time per level.
                   A        B        C        D        E       F      G
               +--------+--------+--------+--------+--------+-----+--------+
         Total |    816 |    816 |      0 |    550 |      0 |   1 |  816.0 |
       Dungeon |    816 |    816 |      0 |    550 |      0 |   1 |  816.0 |
               +--------+--------+--------+--------+--------+-----+--------+

Top non-repeatable levels by time:
       D: 816 daAuts
